 Dungeon Crawl Stone Soup version 0.31-a0-968-g24f9ace8b5 (webtiles) character file.

Game seed: 4245570738206944058

589645 omnomnOMINOUS the Slayer (level 26, 0/187 HPs)
             Began as an Octopode Wanderer on Oct 25, 2023.
             Was an Initiate of Gozag.
             Slain by a large abomination (20 damage)
             ... while paralysed by accursed screaming
             ... on level 5 of the Abyss on Oct 27, 2023.
             The game lasted 05:41:45 (80097 turns).

omnomnOMINOUS the Slayer (Octopode Wanderer)       Turns: 80097, Time: 05:41:47

Health: 0/187      AC: 44    Str: 11      XL:     26   Next: 95%
Magic:  0/23       EV:  2    Int: 13 (14) God:    Gozag
Gold:   12945      SH:  0    Dex: 32      Spells: 1/33 levels left

rFire   + + +        a - +9 demon trident (elec)
rCold   + + .        r - +5 kite shield {AC+3}
rNeg    + . .        l - +2 hat
rPois   ∞            n - brooch of Shielding {Spirit SH+8}
rElec   +            w - +5 ring of evasion
rCorr   +            T - ring of protection from cold
SInv    +            D - ring of Doors {rPois Will+ Dex+4 SInv}
Will    +++..        K - +4 ring of protection
Stlth   ++++         u - +4 ring of slaying
HPRegen 0.51/turn    o - ring of the Shishi {rF++ rC- Will+ Int+2 Dex+4}
MPRegen 0.18/turn    O - ring of the Tortoise {AC+8}
                     k - ring of protection from cold

%: random rage (3%), guardian spirit
@: paralysed, mighty, statue-form, resistant, gold aura, on berserk cooldown,
hasted, glowing, silenced
A: slow and powerful, torment resistance 1, boosted hp, almost no armour,
amphibious, 8 rings, camouflage 1, (gelatinous body 1), (nimble swimmer 1),
tentacles, agile 1, berserk 1, deterioration 2, wild magic 1, inability to read
after injury 1, dopey 1[+1], frail 1[+2], [low MP 2], screaming 1[+1]
}: 4/15 runes: decaying, slimy, silver, gossamer
a: Begin Untransformation, Renounce Religion


You were on level 5 of the Abyss.
You worshipped Gozag.
Gozag was extremely pleased with you.
You were a living statue of rough stone.
You visited 10 branches of the dungeon, and saw 48 of its levels.
You visited the Abyss 5 times.
You also visited: Trove, Sewer, Bailey, Ice Cave, Volcano and Wizlab.

You collected 31535 gold pieces.
You spent 5162 gold pieces at shops.
You paid 13428 gold pieces to Gozag.

Inventory:

Hand Weapons
 a - a +9 demon trident of electrocution (weapon)
 b - a +3 demon trident of flaming
Missiles
 H - 5 throwing nets (quivered)
 Z - 5 curare-tipped darts
Armour
 l - a +2 hat (worn)
 r - a +5 kite shield of protection (worn)
Jewellery
 e - a ring of resist corrosion
 k - a ring of protection from cold (on tentacle)
 n - the brooch of Shielding (around mantle) {Spirit SH+8}
   (You bought it in a shop on level 2 of the Orcish Mines)

   [amulet of guardian spirit]

   Spirit:    It causes incoming damage to be divided between your reserves of
   health and magic.
   SH+8:      It affects your SH (+8).
 o - the ring of the Shishi (on tentacle) {rF++ rC- Will+ Int+2 Dex+4}
   (You found it on level 3 of the Swamp)

   [ring of willpower]

   Int+2:     It affects your intelligence (+2).
   Dex+4:     It affects your dexterity (+4).
   rF++:      It greatly protects you from fire.
   rC-:       It makes you vulnerable to cold.
   Will+:     It increases your willpower.
 u - a +4 ring of slaying (on tentacle)
 w - a +5 ring of evasion (left tentacle)
 z - a +4 ring of protection
 B - a ring of positive energy
 C - a +5 ring of evasion
 D - the ring of Doors (on tentacle) {rPois Will+ Dex+4 SInv}
   (You found it in an ice cave)

   [ring of see invisible]

   Dex+4:     It affects your dexterity (+4).
   rPois:     It protects you from poison Will+: It increases your willpower.
   SInv:      It lets you see invisible.
 I - the ring "Aduik" {rF+ Dex+2}
   (You took it off a hell knight on level 5 of the Vaults)

   [ring of protection from fire]

   Dex+2:     It affects your dexterity (+2).
   rF+:       It protects you from fire.
 K - a +4 ring of protection (on tentacle)
 O - the ring of the Tortoise (on tentacle) {AC+8}
   (You took it off a hell knight on level 5 of the Vaults)

   [ring of protection]

   AC+8:      It affects your AC (+8).
 T - a ring of protection from cold (right tentacle)
Talismans
 h - a granite talisman (active)
 J - a talisman of death
Wands
 m - a wand of iceblast (4)
 v - a wand of charming (5)
 S - a wand of digging (16)
 V - a wand of acid (30)
Scrolls
 f - 8 scrolls of blinking
 i - 2 scrolls of silence
 j - 16 scrolls of teleportation
 p - 7 scrolls of revelation
 Q - 7 scrolls of summoning
 U - 7 scrolls of fear
 W - 10 scrolls of fog
Potions
 c - 4 potions of magic
 d - 6 potions of mutation
 g - 11 potions of attraction
 q - 4 potions of cancellation
 s - 3 potions of resistance
 t - 5 potions of haste
 x - 2 potions of berserk rage
 y - a potion of heal wounds
 A - 16 potions of curing
 G - 5 potions of enlightenment
 L - 8 potions of brilliance
 X - 8 potions of might
 Y - 5 potions of invisibility
Miscellaneous
 E - a lightning rod (4/4)
 F - a sack of spiders
 M - a condenser vane
 N - a phial of floods
 R - a phantom mirror


   Skills:
 + Level 23.9 Fighting
 - Level 14.0 Polearms
 - Level 1.0 Throwing
 + Level 22.1 Dodging
 - Level 20.0 Stealth
 - Level 15.0 Shields
 - Level 4.0 Spellcasting
 - Level 6.1 Conjurations
 - Level 3.0 Hexes
 - Level 11.0 Summonings
 + Level 11.0 Translocations
 - Level 6.0 Ice Magic
 + Level 18.9 Air Magic
 - Level 1.0 Invocations
 - Level 16.0 Shapeshifting


You had one spell level left.
You knew the following spells:

 Your Spells              Type           Power      Damage    Failure   Level
a - Apportation           Tloc           80%        N/A       1%          1
b - Blink                 Tloc           80%        N/A       1%          2
c - Passwall              Tmut/Erth      2%         N/A       63%         2
d - Swiftness             Air            61%        N/A       1%          3
e - Call Canine Familiar  Summ           40%        N/A       2%          3
f - Summon Lightning Spi  Summ/Air       52%        N/A       1%          4
g - Freezing Cloud        Conj/Ice/Air   19%        6-21      24%         5
h - Maxwell's Capacitive  Air            30%        ∞         82%         8
i - Manifold Assault      Tloc           40%        N/A       8%          4

Your spell library contained the following spells:

 Spells                   Type           Power      Damage    Failure   Level
 Shock                    Conj/Air       100%       1d9       1%          1
 Summon Small Mammal      Summ           100%       N/A       1%          1
 Slow                     Hex            52%        N/A       17%         1
 Necrotise                Necr           12%        1d4       47%         1
 Sting                    Tmut/Pois      12%        1d3       47%         1
 Lesser Beckoning         Tloc           80%        N/A       1%          2
 Static Discharge         Conj/Air       90%        3-7/arc   1%          2
 Airstrike                Air            30%        2d(5-21)  1%          4
 Vhi's Electric Charge    Tloc/Air       100%       N/A       1%          4
 Gell's Gravitas          Tloc           40%        N/A       2%          3
 Teleport Other           Tloc           40%        N/A       2%          3
 Momentum Strike          Conj/Tloc      64%        3d9       3%          2
 Cigotuvi's Dreadful Rot  Necr/Pois/Air  48%        N/A       8%          2
 Passage of Golubria      Tloc           40%        N/A       8%          4
 Summon Guardian Golem    Hex/Summ       27%        N/A       11%         3
 Arcjolt                  Conj/Air       22%        1d32      11%         5
 Ensorcelled Hibernation  Hex/Ice        36%        N/A       14%         2
 Hailstorm                Conj/Ice       23%        3d7       16%         3
 Iskenderun's Mystic Bla  Conj/Tloc      32%        2d8       17%         4
 Volatile Blastmotes      Fire/Tloc      44%        2d13      19%         3
 Summon Ice Beast         Ice/Summ       32%        N/A       19%         4
 Jinxbite                 Hex            26%        N/A       26%         2
 Dazzling Flash           Conj/Hex       36%        N/A       28%         3
 Dimensional Bullseye     Hex/Tloc       13%        N/A       32%         4
 Confusing Touch          Hex            13%        N/A       45%         3
 Sigil of Binding         Hex            13%        N/A       45%         3
 Conjure Ball Lightning   Conj/Air       22%        3x3d6     45%         6
 Fulminant Prism          Conj/Hex       9%         3d7       63%         4
 Inner Flame              Hex/Fire       8%         N/A       65%         3
 Dispersal                Tloc           20%        N/A       65%         6
 Ignite Poison            Fire/Tmut/Pois 3%         N/A       83%         3
 Vampiric Draining        Necr           3%         2d6       83%         3
 Cause Fear               Hex            6%         N/A       83%         4
 Flame Wave               Conj/Fire      13%        2d6       83%         4
 Sticky Flame             Conj/Fire      13%        2d4       83%         4
 Anguish                  Hex/Necr       4%         N/A       95%         4
 Leda's Liquefaction      Hex/Erth       4%         N/A       95%         4
 Olgreb's Toxic Radiance  Pois           3%         N/A       99%         4
 Petrify                  Tmut/Erth      3%         N/A       99%         4
 Fireball                 Conj/Fire      6%         3d5       99%         5
 Irradiate                Conj/Tmut      6%         3d13      99%         5
 Agony                    Necr           3%         N/A       100%        5
 Alistair's Intoxication  Tmut/Pois      2%         N/A       100%        5
 Borgnjor's Vile Clutch   Necr/Erth      1%         N/A       100%        5
 Lee's Rapid Deconstruct  Erth           1%         3d4*      100%        5
 Eringya's Noxious Bog    Tmut/Pois      1%         4d6       100%        6
 Starburst                Conj/Fire      6%         6d4       100%        6
 Enfeeble                 Hex            6%         N/A       100%        7
 Orb of Destruction       Conj           12%        9d7       100%        7
 Spellforged Servitor     Conj/Summ      16%        N/A       100%        7
 Discord                  Hex            6%         N/A       100%        8
 Disjunction              Tloc           20%        N/A       100%        8
 Chain Lightning          Conj/Air       22%        3d30      100%        9
 Dragon's Call            Summ           20%        N/A       100%        9
 Animate Armour           Summ/Erth      Unusable   N/A       N/A         4
 Sublimation of Blood     Necr           Unusable   N/A       N/A         2
 Simulacrum               Ice/Necr       Unusable   N/A       N/A         6

Dungeon Overview and Level Annotations

Branches:
Dungeon (15/15)            Temple (1/1) D:6            Lair (5/5) D:11
  Swamp (4/4) Lair:2       Spider (4/4) Lair:2        Slime (5/5) Lair:4
    Orc (2/2) D:10            Elf (3/3) Orc:2        Vaults (5/5) D:13
  Crypt (0/3) Vaults:2     Depths (4/4) D:15            Zot (0/5) Depths:4
  Sewer (visited)          Bailey (visited)           IceCv (visited)
Volcano (visited)          WizLab (visited)

Altars:
Ashenzari
Cheibriados
Dithmenos
Elyvilon
Fedhas
Gozag
Hepliaklqana
Kikubaaqudgha
Makhleb
Nemelex Xobeh
Okawaru
Qazlal
Ru
Sif Muna
Trog
Uskayaw
Vehumet
Wu Jian
Xom
Yredelemnul
Zin
The Shining One
Jiyva

Shops:
D:3 *   D:4 [!?!   D:5 (*   D:7 ?   Orc:2 [(*=   Elf:1 (   Elf:2 (   Elf:3 =
Vaults:1 :   Vaults:5 ?!   Depths:1 (   Depths:2 :

Portals:
Hell: Depths:1 Depths:2 Depths:3 Depths:4
Abyss: Depths:3
Pandemonium: Depths:2 Depths:3
Ziggurat: Depths:1

Annotations:
Swamp:1 3 runed translucent doors, Ahpoh's ghost, journeyman BaFi
Depths:1 2 runed translucent doors, Jutoxo's ghost, veteran GnWn


Innate Abilities, Weirdness & Mutations

You are a living statue of rough stone.
Your actions are slow, but your melee attacks are powerful.
You are resistant to unholy torment.
Your maximum health is greatly increased.
You cannot wear most types of armour.
You are amphibious.
You can wear up to eight rings at the same time.
You are immune to poison.
Your skin changes colour to match your surroundings (Stealth+).
((Your rubbery body absorbs attacks. (AC +1, EV +1)))
((You are camouflaged when in or above water. (Stealth+)))
You have tentacles for arms and can constrict up to eight enemies at once.
You are agile. (Dex +4, Str/Int -1)
You sometimes lose your temper in combat.
Your body often deteriorates upon taking damage.
Your spells are a little harder to cast, but a little more powerful.
You occasionally lose the ability to read scrolls when taking damage.
[You are very dopey. (Int -4)]
[You are extremely frail. (-30% HP)]
[Your magical capacity is very low. (-20% MP)]
[You frequently scream uncontrollably at your foes.]


Message History

The starspawn tentacle loses its grip on you.
The starspawn's tentacles wither and die.
The starcursed mass is no longer distracted by gold. x2
You block the starcursed mass's attack.
You block the large abomination's attack.
The starcursed mass is distracted by your dazzling golden aura.
The large abomination completely misses you.
A cacophony of accursed wailing tears at your sanity!
You suddenly lose the ability to move!
The starcursed mass is distracted by your dazzling golden aura.
You feel the corruption within you wane somewhat.
You lose the ability to read scrolls when taking damage less often.
The spatial maelstrom is no longer distracted by gold.
The small abomination is no longer distracted by gold.
The raiju is no longer distracted by gold.
The starcursed mass is no longer distracted by gold. x4
The spatial maelstrom hits you but does no damage.
The spatial maelstrom hits you! Space warps horribly around you!!
* * * LOW HITPOINT WARNING * * *
Your body deteriorates!
You feel dopey.
The daeva calls down the wrath of the Shining One upon you.
The Shining One smites you!
* * * LOW HITPOINT WARNING * * *
The starcursed mass is distracted by your dazzling golden aura.
The spatial maelstrom hits you but does no damage.
The spatial maelstrom barely misses you.
The starcursed mass is distracted by your dazzling golden aura. x2
The starcursed mass touches you but does no damage. x2
The large abomination hits you!!
* * * LOW HITPOINT WARNING * * *
The starcursed mass is distracted by your dazzling golden aura. x2
The starcursed mass is no longer distracted by gold. x2
The starcursed mass is distracted by your dazzling golden aura.
A starcursed mass splits.
The large abomination hits you but does no damage.
The starcursed mass touches you but does no damage. x2
The spatial maelstrom hits you but does no damage. x2
The large abomination hits you!!
You die...
Your body crumbles into a pile of gold.

#.# . . # . #
#.##..##.# . . ##.
##.#.##..... #..
..#
#..#........... .
...#..#..X.......#
#
..#.#.v#XX.∩.....
. .....hhXhXX.....
. ..
.###vXXX#.....#..#
φ #XX8XXXx)$.....
#..XXXX#X$$....
..# ###⌠XXAX.§..#.
.. .
##.F...#.§....# #.
###..v...... ... #
...........v..
......... .. .. .
........ .. . #.#
. ##...


You could see 20 starcursed masses, a daeva (unsilenced), a spatial maelstrom, 2
spatial vortices, 2 large abominations, 3 raiju, a blink frog (unsilenced) and a
small abomination.

Vanquished Creatures
  the Royal Jelly (Slime:5)
  2 dread liches
  2 ancient liches
  Xtahua (Depths:4)
  Saint Roka (Depths:3)
  4 golden dragons
  Arachne (Spider:4)
  the Enchantress (Depths:3)
  6 bone dragons
  A profane servitor (Abyss:4)
  A Tzitzimitl (D:15)
  A Hell Sentinel (Abyss:3)
  A walking crystal tome (Depths:3)
  Zenata (Elf:3)
  6 tentacled monstrosities
  3 liches
  3 titans
  3 deep elf blademasters
  2 quicksilver dragons
  2 deep elf master archers
  An eldritch tentacle (Abyss:4)
  29 tentacled starspawn
  7 sphinxes
  21 acid blobs
  A walking frostbound tome (Depths:3)
  7 tengu reavers
  A thorn hunter (Abyss:3)
  4 storm dragons (Vaults:5)
  3 shadow dragons (Vaults:5)
  Agnes (Spider:4)
  2 draconian monks (Depths:4)
  7 azure jellies
  3 daevas
  The ghost of Bialiabluu the Warrior, an adept GrEE of Gozag (D:15)
  8 rockslimes
  A draconian knight (Abyss:4)
  7 fire giants
  4 iron dragons
  3 emperor scorpions
  A juggernaut zombie (WizLab)
  8 deep elf sorcerers
  A ghost moth (shapeshifter) (Vaults:5)
  8 vault wardens
  14 frost giants
  5 ghost moths
  4 balrugs
  A caustic shrike zombie (Abyss:3)
  2 deep elf elementalists (Elf:3)
  An angel (Abyss:3)
  A draconian shifter (Depths:4)
  A cacodemon (Abyss:3)
  12 ironbound preservers
  3 ghouls (Swamp:3)
  8 quicksilver oozes
  4 spriggan defenders
  A draconian annihilator (Abyss:4)
  A caustic shrike skeleton (Abyss:4)
  3 war gargoyles
  A broodmother (Spider:1)
  15 stone giants
  16 very ugly things
  2 formless jellyfish
  6 eleionomae
  8 deep elf demonologists
  6 ironbound thunderhulks
  A yellow draconian (Depths:4)
  2 bunyips
  15 dire elephants
  4 green draconians
  2 vampire knights
  A red draconian (Depths:4)
  A white draconian (Depths:4)
  A spark wasp (shapeshifter) (Depths:3)
  4 spark wasps
  8 deep elf annihilators
  12 ettins
  A crystal guardian (Vaults:2)
  4 deep elf death magi
  2 mummy priests (WizLab)
  2 blizzard demons
  7 yaktaur captains
  4 green deaths (Abyss:3)
  3 merfolk impalers (Depths:1)
  A merfolk javelineer (Depths:1)
  12 entropy weavers
  A quicksilver dragon zombie (Depths:1)
  3 deep elf high priests
  2 shambling mangroves
  7 spriggan zombies
  16 fire dragons
  A hell beast (Depths:1)
  12 great orbs of eyes
  25 vault guards
  A sphinx zombie (WizLab)
  16 centaur warriors
  22 hydras
  5 ironbound frosthearts
  A peacekeeper (Vaults:2)
  6 spriggan air magi
  15 alligators
  10 ice dragons
  5 jorogumos
  2 ogre magi (Vaults:5)
  2 radroaches
  A salamander tyrant (Depths:1)
  A ghost crab (Swamp:3)
  The ghost of Vadghucic the Thaumaturge, a journeyman DsFE of Vehumet (Lair:2)
  An anaconda (shapeshifter) (D:15)
  11 rakshasas
  3 boulder beetles
  A catoblepas (D:14)
  6 two-headed ogres
  A spriggan skeleton (Abyss:3)
  A naga warrior (Abyss:4)
  A merfolk avatar (Abyss:4)
  A two-headed ogre (shapeshifter) (Depths:2)
  10 deep troll earth magi
  20 dancing weapons
  A satyr (Abyss:3)
  6 deep troll shamans
  19 tengu warriors
  3 death yaks
  11 demonic crawlers
  6 occultists
  16 thrashing horrors
  3 orc high priests
  6 hell hogs
  8 spriggan berserkers
  13 deep elf knights
  19 hell knights
  A soul eater (Depths:1)
  20 wretched stars
  Amaemon (Lair:3)
  2 spriggan druids
  3 sixfirhies
  A spatial maelstrom (Abyss:4)
  9 sun demons
  3 sun moths
  A goliath frog (shapeshifter) (Abyss:3)
  2 goliath frogs
  10 iron trolls
  A skyshark (Lair:2)
  7 skeletal warriors
  36 deep trolls
  3 fire crabs (Swamp:4)
  5 pharaoh ants
  3 cherubim (Depths:2)
  A death drake (shapeshifter) (Depths:3)
  5 deep elf archers
  3 glowing orange brains
  An obsidian statue (D:10)
  A storm dragon skeleton (Depths:1)
  11 swamp dragons
  7 orb spiders
  8 arcanists
  7 orc knights
  A swamp dragon (shapeshifter) (Abyss:3)
  5 steelbarb worms
  2 bog bodies
  A lindwurm (shapeshifter) (Abyss:4)
  18 ironbound convokers
  16 lindwurms
  2 tengu zombies (WizLab)
  19 deep elf zephyrmancers
  A harpy (shapeshifter) (Depths:1)
  5 harpies (Vaults:1)
  An iron dragon zombie (WizLab)
  9 necromancers
  17 wolf spiders
  A mana viper (shapeshifter) (Vaults:5)
  4 phantasmal warriors
  31 ugly things
  20 deep elf pyromancers
  11 orc sorcerers
  A fire giant zombie (WizLab)
  8 shining eyes
  A stone giant zombie (Abyss:3)
  A frost giant zombie (WizLab)
  5 salamanders
  7 will-o-the-wisps
  8 cyclopes
  3 manticores
  4 moths of wrath
  40 large abominations
  7 worldbinders
  A moth of wrath (shapeshifter) (Elf:1)
  A rust devil (Abyss:3)
  A guardian serpent (Abyss:4)
  A naga zombie (Abyss:3)
  A demonspawn zombie (WizLab)
  2 ice statues (IceCv)
  8 apocalypse crabs
  11 black mambas
  4 eyes of devastation
  5 torpor snails
  12 vault sentinels
  14 smoke demons
  A gargoyle (D:14)
  18 elephants
  A water nymph (Abyss:3)
  4 orange demons
  8 cane toads
  5 molten gargoyles
  A titan simulacrum (Depths:1)
  11 komodo dragons
  2 cane toads (shapeshifter) (Depths:1)
  2 yaktaurs (shapeshifter)
  Maggie (D:7)
  An unseen horror (Abyss:4)
  16 yaktaurs
  3 freezing wraiths
  6 efreet
  6 rime drakes
  2 rime drakes (shapeshifter)
  An ice devil (Abyss:3)
  A komodo dragon (shapeshifter) (Depths:1)
  2 kobold demonologists (Bailey)
  3 tengu conjurers
  A troll (shapeshifter) (Depths:1)
  15 ancient zymes
  2 guardian mummies (WizLab)
  A queen bee (Lair:2)
  12 trolls
  2 polar bears
  A queen bee (shapeshifter) (D:14)
  A bloated husk (Swamp:2)
  A meliai (D:15)
  6 tyrant leeches
  A hornet (shapeshifter) (Depths:3)
  A meliai (shapeshifter) (Vaults:5)
  23 blink frogs
  A harpy skeleton (Abyss:3)
  6 saltlings (Orc:2)
  11 hornets
  4 glass eyes
  A tarantella (shapeshifter) (Depths:1)
  2 hellwings
  67 raiju
  24 tarantellas
  A dream sheep (shapeshifter) (Vaults:5)
  Grinder (D:3)
  22 jumping spiders
  An air elemental (Elf:2)
  5 flying skulls
  18 culicivoras
  17 spriggans
  5 shadows
  109 slime creatures
  7 ynoxinuls
  2 wraiths
  A yak (shapeshifter) (Depths:1)
  2 vampires
  2 humans (shapeshifter)
  4 fire bats
  7 water elementals
  23 yaks
  8 wyverns
  6 fire elementals
  6 steam dragons
  4 golden eyes (Slime:3)
  5 chaos spawn
  11 neqoxecs
  14 vampire mosquitoes
  11 basilisks
  58 redbacks
  6 wargs
  2 glowing shapeshifter zombies (WizLab)
  20 swamp worms
  An acid dragon (shapeshifter) (Abyss:4)
  An entropy weaver zombie (WizLab)
  7 hell hounds
  Pargi (D:4)
  16 water moccasins
  A black bear (Lair:1)
  14 ogres
  38 orc warriors
  15 swamp drakes
  2 ice beasts
  3 boggarts
  15 wolves
  6 centaurs
  2 kobold brigands
  22 small abominations
  11 bullfrogs
  7 scorpions
  7 earth elementals
  6 wights
  30 killer bees
  2 lindwurm simulacra (IceCv)
  6 howler monkeys
  2 electric eels (Bailey)
  A quasit (Abyss:3)
  13 lava snakes
  5 hounds
  7 jellies
  11 komodo dragon simulacra (IceCv)
  17 orc priests
  98 starcursed masses
  9 iguanas
  3 iron imps
  Ijyb (D:3)
  A sleepcap (D:7)
  21 orc wizards
  10 hell rats
  Robin (D:3)
  9 gnolls
  3 acid dragon simulacra (IceCv)
  7 adders
  3 river rats
  3 white imps
  11 ufetubi
  5 steam dragon simulacra (IceCv)
  A worm (shapeshifter) (Vaults:5)
  6 worms
  A dart slug (D:5)
  102 orcs
  10 ball pythons
  9 bats
  11 endoplasms
  3 giant cockroaches
  26 goblins
  18 hobgoblins
  18 jackals
  7 quokkas
  9 frilled lizards
  9 kobolds
  10 rats
  A lurking horror (Abyss:3)
  12 starspawn tentacles
2521 creatures vanquished.

Vanquished Creatures (collateral kills)
  An acid blob (Slime:5)
  A tengu reaver (Vaults:5)
  A deep elf sorcerer (Vaults:5)
  3 vault wardens (Vaults:5)
  2 frost giants (Vaults:5)
  An ironbound preserver (Vaults:3)
  2 yaktaur captains (Vaults:5)
  A deep elf high priest (Vaults:5)
  3 vault guards
  2 ironbound frosthearts
  A deep troll earth mage (Vaults:5)
  5 hell knights (Vaults:5)
  A deep elf knight (Vaults:5)
  A deep troll (shapeshifter) (Vaults:5)
  2 ironbound convokers (Vaults:3)
  A deep elf pyromancer (Vaults:5)
  A necromancer (Vaults:5)
  2 orc sorcerers (Orc:1)
  A manticore (D:15)
  A vault sentinel (Vaults:5)
  3 slime creatures (Slime:5)
  A golden eye (Slime:5)
  A boggart (D:15)
38 creatures vanquished.

Vanquished Creatures (others)
  2 dread liches
  A lich (Vaults:5)
  A tentacled monstrosity (Vaults:5)
  A titan (Vaults:5)
  2 tengu reavers (Vaults:5)
  A deep elf sorcerer (Vaults:5)
  A fire giant (Depths:4)
  2 frost giants (Vaults:5)
  4 vault wardens (Vaults:5)
  An ironbound preserver (Vaults:5)
  An ettin (Vaults:5)
  2 yaktaur captains (Vaults:5)
  4 vault guards (Vaults:5)
  An occultist (Depths:3)
  2 large abominations
  A deep troll (Vaults:5)
  An ironbound convoker (Vaults:5)
  3 yaktaurs (Vaults:5)
  An ancient zyme (Abyss:4)
  3 bloated husks (Swamp:1)
  A glass eye (shapeshifter) (Abyss:3)
  A blink frog (Abyss:5)
  2 raiju (Abyss:3)
  A ynoxinul (Abyss:3)
  A neqoxec (Abyss:3)
  4 small abominations
  A hell hound (Abyss:3)
  A swamp drake (Swamp:4)
  An ettin simulacrum (Abyss:3)
  2 wights (Abyss:3)
  3 starcursed masses
  An orc (Vaults:5)
  36 foxfires
  A lurking horror (Abyss:3)
  64 starspawn tentacles
155 creatures vanquished.

Grand Total: 2714 creatures vanquished

Notes
Turn   | Place    | Note
-------+----------+-------------------------------------------
     0 | D:1      | omnomnOMINOUS the Octopode Wanderer began the quest for the
                  | Orb.
     0 | D:1      | omnomnOMINOUS set off with the following items: a +0 club,
                  | a potion of attraction, a potion of lignification; and the
                  | following spells available to memorise: Slow, Sigil of
                  | Binding, Sting, Inner Flame, Ignite Poison.
     0 | D:1      | Reached XP level 1. HP: 14/14 MP: 3/3
   186 | D:1      | Reached skill level 1 in Dodging
   186 | D:1      | Reached XP level 2. HP: 10/20 MP: 5/5
   820 | D:1      | Reached XP level 3. HP: 25/25 MP: 6/6
  1094 | D:2      | Reached skill level 3 in Fighting
  1094 | D:2      | Reached skill level 1 in Shapeshifting
  1338 | D:2      | Reached XP level 4. HP: 15/31 MP: 7/7
  2103 | D:3      | Noticed Robin
  2128 | D:3      | Killed Robin
  2168 | D:3      | Reached XP level 5. HP: 22/36 MP: 8/8
  2178 | D:3      | Found Muemuc's General Store.
  2251 | D:3      | Reached skill level 1 in Shields
  2447 | D:3      | Found a glowing drain.
  2456 | Sewer    | Entered a sewer
  2739 | Sewer    | Reached XP level 6. HP: 40/43 MP: 9/9
  2886 | D:3      | Noticed Grinder
  2887 | D:3      | Found a faded altar of an unknown god.
  3132 | D:3      | Noticed Ijyb
  3142 | D:3      | Gained mutation: You are strong-willed. (Will+) [potion of
                  | mutation]
  3142 | D:3      | Gained mutation: You are robust. (+10% HP) [potion of
                  | mutation]
  3147 | D:3      | Killed Ijyb
  3479 | D:3      | Killed Grinder
  3480 | D:3      | Reached skill level 4 in Fighting
  3480 | D:3      | Reached XP level 7. HP: 39/52 MP: 10/10
  3534 | D:4      | Found Ohugezen's Distillery.
  3550 | D:4      | Noticed Pargi
  3550 | D:4      | Found Kyeced's Distillery.
  4063 | D:4      | Bought a potion of curing for 36 gold pieces
  4063 | D:4      | Bought a potion of heal wounds for 60 gold pieces
  4094 | D:4      | Found Amucvick's Magic Scroll Boutique.
  4317 | D:4      | Found Baemecki's Antique Armour Shop.
  4548 | D:4      | Killed Pargi
  4791 | D:5      | Entered Level 5 of the Dungeon
  4836 | D:4      | Reached skill level 5 in Fighting
  4972 | D:4      | Reached XP level 8. HP: 53/60 MP: 11/11
  5709 | D:5      | Reached skill level 5 in Dodging
  5927 | D:5      | Found Vularod's Antique Weapon Shop.
  5949 | D:5      | Found Weprek's Neck Hole.
  6469 | D:6      | Found a staircase to the Ecumenical Temple.
  6478 | Temple   | Entered the Ecumenical Temple
  6496 | Temple   | Became a worshipper of Gozag Ym Sagoz the Greedy
  6980 | D:6      | Reached skill level 6 in Fighting
  7077 | D:6      | Reached XP level 9. HP: 68/68 MP: 12/12
  7213 | D:7      | Reached skill level 5 in Shields
  7323 | D:7      | Reached skill level 5 in Shapeshifting
  7613 | D:7      | Noticed Maggie
  7968 | D:7      | Found a transporter.
  7968 | D:7      | Found Beuxisot's Magic Scroll Shoppe.
  8523 | D:7      | Killed Maggie
  8564 | D:7      | Reached skill level 7 in Fighting
  8884 | D:7      | Found a transporter.
  9391 | D:8      | Noticed a hornet
  9709 | D:7      | Reached XP level 10. HP: 22/78 MP: 13/13
 10376 | D:8      | Learned a level 2 spell: Passwall
 10380 | D:8      | Learned a level 3 spell: Swiftness
 10537 | D:8      | Found a runed translucent door.
 11174 | D:9      | Reached skill level 8 in Fighting
 11662 | D:4      | Bought a potion of curing for 36 gold pieces
 11662 | D:4      | Bought a potion of heal wounds for 60 gold pieces
 11662 | D:4      | Bought a potion of berserk rage for 60 gold pieces
 11706 | D:4      | Bought a potion of heal wounds for 60 gold pieces
 11706 | D:4      | Bought a potion of heal wounds for 60 gold pieces
 11843 | D:7      | Bought a scroll of blinking for 90 gold pieces
 11843 | D:7      | Bought a scroll of fear for 48 gold pieces
 11843 | D:7      | Bought a scroll of fog for 48 gold pieces
 11843 | D:7      | Bought a scroll of teleportation for 36 gold pieces
 12467 | D:9      | Found a glowing golden altar of the Shining One.
 12468 | D:9      | Found a bloodstained altar of Trog.
 12469 | D:9      | Found a shimmering altar of Xom.
 12471 | D:9      | Found a hazy altar of Hepliaklqana.
 12767 | D:9      | Identified the +8 dire flail of Change {heavy, Will- Dex+4}
 13237 | D:9      | Found a sacrificial altar of Ru.
 13647 | D:10     | Entered Level 10 of the Dungeon
 13647 | D:10     | Noticed a deep elf pyromancer
 13759 | D:10     | Found a flagged portal.
 13822 | Bailey   | Entered a bailey
 13967 | Bailey   | Acquired a manual of Fighting
 14052 | Bailey   | Noticed a kobold demonologist
 14130 | Bailey   | Reached skill level 9 in Fighting
 14820 | Bailey   | Killed a kobold demonologist
 14832 | Bailey   | Found an iron altar of Okawaru.
 14832 | Bailey   | Noticed a kobold demonologist
 14842 | Bailey   | Reached XP level 11. HP: 77/88 MP: 11/14
 15065 | Bailey   | Reached XP level 12. HP: 95/95 MP: 15/15
 15367 | D:10     | Reached skill level 10 in Fighting
 15498 | D:10     | Found a staircase to the Orcish Mines.
 16668 | D:11     | Found a portal to a secret trove of treasure.
 16714 | D:11     | Found a staircase to the Lair.
 16734 | D:11     | Found an opulent altar of Gozag.
 17165 | D:11     | Acquired 528 gold pieces
 17407 | Lair:1   | Entered Level 1 of the Lair of Beasts
 17813 | Lair:1   | Reached skill level 11 in Fighting
 17917 | Lair:1   | Acquired a +4 ring of protection
 18716 | Lair:1   | Reached skill level 10 in Polearms
 19162 | Lair:1   | Reached skill level 10 in Dodging
 19211 | Lair:2   | Identified the "Xauth"
 19738 | Lair:2   | Noticed a skyshark
 19745 | Lair:2   | Killed a skyshark
 19746 | Lair:2   | Reached skill level 12 in Fighting
 19780 | Lair:2   | Reached XP level 13. HP: 98/106 MP: 16/16
 19806 | Lair:2   | Found a hole to the Spider Nest.
 20231 | Lair:2   | Found a staircase to the Swamp.
 20460 | Lair:2   | Found a runed translucent door.
 20465 | Lair:2   | Noticed Vadghucic's ghost (journeyman DsFE)
 20963 | Lair:1   | Reached skill level 13 in Fighting
 21665 | Lair:2   | Reached skill level 10 in Shapeshifting
 22996 | Lair:2   | HP: 8/165 [five-headed hydra (10)]
 23696 | Lair:3   | Noticed Amaemon
 24035 | Lair:3   | Reached skill level 14 in Fighting
 24166 | Lair:3   | Killed Amaemon
 24587 | Lair:4   | Found a viscous altar of Jiyva.
 24587 | Lair:4   | Found a staircase to the Slime Pits.
 24628 | Lair:4   | Reached XP level 14. HP: 116/118 MP: 17/17
 25224 | Lair:5   | Entered Level 5 of the Lair of Beasts
 25548 | Lair:5   | Identified the +7 falchion "Jeofou" {flame, rF+ Will-
                  | rCorr}
 26140 | Lair:5   | Reached skill level 15 in Fighting
 26448 | Lair:5   | Found a large runed translucent door.
 26448 | Lair:5   | Found a large runed translucent door.
 27757 | Orc:1    | Entered Level 1 of the Orcish Mines
 29097 | Orc:2    | Entered Level 2 of the Orcish Mines
 29221 | Orc:2    | Found a dark tunnel.
 29241 | Volcano  | Entered a volcano
 29540 | Volcano  | Found a bloodstained altar of Trog.
 30052 | Orc:2    | Found a staircase to the Elven Halls.
 30196 | Orc:2    | Reached XP level 15. HP: 109/128 MP: 18/18
 30725 | Orc:2    | Reached skill level 16 in Fighting
 30768 | Orc:2    | Found Duosourr's Jewellery Shop.
 30787 | Orc:2    | Found Majeofre's Assorted Antiques.
 31027 | Orc:2    | Found Jimuco's Antique Armour Shoppe.
 31148 | Orc:2    | Found Wabum's Weapon Boutique.
 31309 | Orc:2    | Bought a +4 ring of slaying for 1014 gold pieces
 31309 | Orc:2    | Bought the brooch of Shielding {Spirit SH+8} for 845 gold
                  | pieces
 31309 | Orc:2    | Found the brooch of Shielding {Spirit SH+8}
 31974 | Lair:2   | Killed Vadghucic's ghost
 32672 | D:12     | Found a frozen archway.
 32695 | IceCv    | Entered an ice cave
 33456 | IceCv    | Identified the +0 war axe of Truncation {holy, *Corrode rF+
                  | Dex+3}
 34149 | IceCv    | Identified the ring of Doors {rPois Will+ Dex+4 SInv}
 35128 | D:13     | Found a gate to the Vaults.
 36091 | D:14     | Reached XP level 16. HP: 137/137 MP: 19/19
 36595 | D:15     | Entered Level 15 of the Dungeon
 36659 | D:15     | Found a staircase to the Depths.
 36689 | D:15     | Identified the +3 scale mail "Naluapsa" {rF+ Int+2}
 36841 | D:15     | Found a runed translucent gate.
 36841 | D:15     | Found a runed translucent gate.
 36841 | D:15     | Found a runed translucent gate.
 37197 | D:15     | Noticed Bialiabluu's ghost (adept GrEE)
 37429 | Crypt:1  | Identified the of Ixatol
 37429 | Crypt:1  | Identified the "Siunin"
 37429 | Crypt:3  | Identified the of Deheod
 37429 | Depths:1 | Identified the "Irogim"
 37429 | Depths:1 | Identified the of Ijist
 37429 | Depths:1 | Entered Level 1 of the Depths
 37563 | Elf:1    | Entered Level 1 of the Elven Halls
 37907 | Swamp:1  | Entered Level 1 of the Swamp
 37929 | Swamp:1  | Reached skill level 17 in Fighting
 37979 | Swamp:1  | Noticed Ahpoh's ghost (journeyman BaFi)
 37981 | Swamp:1  | Noticed a thorn hunter
 37991 | Swamp:1  | Found a runed translucent gate.
 37991 | Swamp:1  | Found a runed translucent gate.
 37993 | Swamp:1  | Found a runed translucent gate.
 38265 | Swamp:1  | Learned a level 3 spell: Call Canine Familiar
 38270 | Swamp:1  | Learned a level 4 spell: Summon Lightning Spire
 38503 | Swamp:1  | Reached skill level 1 in Summonings
 38572 | Swamp:1  | Reached skill level 1 in Air Magic
 39787 | Swamp:3  | Noticed a tentacled monstrosity
 39818 | Swamp:2  | Reached skill level 15 in Shapeshifting
 40060 | Swamp:3  | Reached XP level 17. HP: 145/145 MP: 20/20
 40125 | Swamp:3  | Killed a tentacled monstrosity
 40774 | Swamp:3  | Identified the ring of the Shishi {rF++ rC- Will+ Int+2
                  | Dex+4}
 41000 | Orc:2    | Bought a ring of protection from cold for 325 gold pieces
 41251 | Swamp:4  | Entered Level 4 of the Swamp
 41727 | Swamp:4  | Acquired a manual of Shields
 41974 | Swamp:4  | Got a decaying rune of Zot
 42395 | Spider:1 | Entered Level 1 of the Spider Nest
 42953 | Spider:2 | Reached skill level 5 in Summonings
 43149 | Spider:2 | Reached skill level 5 in Air Magic
 43762 | Spider:3 | Reached skill level 15 in Dodging
 44015 | Spider:3 | Reached XP level 18. HP: 154/154 MP: 21/21
 44438 | Spider:3 | Reached skill level 18 in Fighting
 44844 | Spider:3 | Identified the +1 battleaxe of Dacahe {speed, Contam rElec
                  | Int+8 Dex+2}
 45087 | Spider:4 | Entered Level 4 of the Spider Nest
 45688 | Spider:4 | Identified the amulet "Yheaxan" {Acrobat rF+ Int+5}
 46058 | Spider:4 | Noticed Arachne
 46063 | Spider:4 | Noticed Agnes
 46079 | Spider:4 | Reached skill level 10 in Shields
 46083 | Spider:4 | Killed Arachne
 46097 | Spider:4 | Killed Agnes
 46505 | Spider:4 | Got a gossamer rune of Zot
 46545 | Spider:4 | Learned a level 8 spell: Maxwell's Capacitive Coupling
 47189 | Vaults:1 | Entered Level 1 of the Vaults
 47500 | Orc:2    | Bought a lightning rod (4/4) for 1320 gold pieces
 47743 | Vaults:1 | Reached XP level 19. HP: 161/161 MP: 20/22
 47961 | Vaults:1 | Found Dinid's Book Emporium.
 49448 | Vaults:2 | Reached skill level 19 in Fighting
 49878 | Vaults:2 | Reached XP level 20. HP: 171/171 MP: 23/23
 50122 | Vaults:2 | Found a staircase to the Crypt.
 50122 | Vaults:2 | Found an ancient bone altar of Kikubaaqudgha.
 50122 | Vaults:2 | Found a basalt altar of Yredelemnul.
 51036 | Vaults:3 | Reached skill level 10 in Summonings
 51091 | Vaults:3 | Reached skill level 10 in Air Magic
 53504 | Slime:1  | Entered Level 1 of the Pits of Slime
 54020 | Slime:1  | Gained mutation: Your body sometimes deteriorates upon
                  | taking damage. [a shining eye]
 55971 | Slime:5  | Entered Level 5 of the Pits of Slime
 56058 | Slime:4  | Reached XP level 21. HP: 179/179 MP: 24/24
 56563 | Slime:5  | Reached skill level 15 in Shields
 56772 | Slime:5  | Gained mutation: You are vulnerable to heat. (rF-) [a
                  | shining eye]
 56778 | Slime:5  | Noticed the Royal Jelly
 56807 | Slime:5  | Killed the Royal Jelly
 56808 | Slime:5  | Reached skill level 20 in Fighting
 56842 | Slime:5  | Identified the +4 spear of Perversion {heavy, rElec rCorr}
 57132 | Slime:5  | Found the +2 Maxwell's thermic engine {flame, freeze, rev}
 57146 | Slime:5  | Identified the +2 sling "Puinoah" {flame, rC+ Str+3}
 57173 | Slime:5  | Identified the +7 rapier "Hehonkec" {flame, rC++}
 57208 | Slime:5  | Identified the +1 war axe of Xiokhos {holy, Dex+2 Stlth+}
 57211 | Slime:5  | Identified the staff of Pohoa {Str+2 Int+3 Stlth+ Earth}
 57228 | Slime:5  | Identified the +8 sling of Disembowelment {heavy, rCorr}
 57503 | Slime:5  | Identified the +6 orcbow of Disorder {speed, Fragile rPois
                  | rN+++ Dex-3}
 57507 | Slime:5  | Got a slimy rune of Zot
 57541 | Slime:5  | Identified the +5 sling of Descent {elec, rPois rC+ Will-
                  | Stlth+}
 57556 | Slime:5  | Identified the +0 pair of gloves of Feys {Harm}
 58506 | D:15     | Gained mutation: [Your magical capacity is low. (-10% MP)]
                  | [mutagenic glow]
 58512 | D:15     | Gained mutation: You are occasionally teleported next to
                  | monsters. [mutagenic glow]
 58774 | D:15     | Lost mutation: You are robust. (+10% HP) [potion of
                  | mutation]
 58774 | D:15     | Lost mutation: You are vulnerable to heat. (rF-) [potion of
                  | mutation]
 58774 | D:15     | Gained mutation: You are vulnerable to heat. (rF-) [potion
                  | of mutation]
 58775 | D:15     | Lost mutation: [Your magical capacity is low. (-10% MP)]
                  | [potion of mutation]
 58775 | D:15     | Lost mutation: You are vulnerable to heat. (rF-) [potion of
                  | mutation]
 58775 | D:15     | Lost mutation: You are strong-willed. (Will+) [potion of
                  | mutation]
 58775 | D:15     | Gained mutation: You are vulnerable to cold. (rC-) [potion
                  | of mutation]
 58776 | D:15     | Lost mutation: Your body sometimes deteriorates upon taking
                  | damage. [potion of mutation]
 58776 | D:15     | Lost mutation: You are vulnerable to cold. (rC-) [potion of
                  | mutation]
 58776 | D:15     | Lost mutation: You are occasionally teleported next to
                  | monsters. [potion of mutation]
 58776 | D:15     | Gained mutation: Your muscles are strong. (Str +4, Int/Dex
                  | -1) [potion of mutation]
 58776 | D:15     | Gained mutation: You are agile. (Dex +4, Str/Int -1)
                  | [potion of mutation]
 58776 | D:15     | Lost mutation: Your muscles are strong. (Str +4, Int/Dex
                  | -1) [potion of mutation]
 58965 | D:15     | Identified the +5 pair of gloves of Elitism {Dex+4 Slay-5}
 59175 | D:15     | Found a staircase to the Depths.
 59282 | D:15     | Killed Bialiabluu's ghost
 60298 | Elf:1    | Found Qisoudip's Antique Weapon Shop.
 60461 | Elf:1    | Found the +5 robe of Night {Dark Will+ SInv}
 60941 | Elf:2    | Paralysed by an air elemental for 1 turns
 60947 | Elf:2    | Paralysed by an air elemental for 1 turns
 61191 | Elf:2    | Found a runed translucent gate.
 61192 | Elf:2    | Found a runed translucent gate.
 61192 | Elf:2    | Found a runed translucent gate.
 61467 | Elf:2    | Found Abuciats's Antique Weapon Shop.
 62133 | Elf:3    | Entered Level 3 of the Elven Halls
 62831 | Elf:3    | Reached skill level 5 in Stealth
 62987 | Elf:3    | Reached XP level 22. HP: 172/172 MP: 25/25
 63003 | Elf:3    | Identified the +3 quarterstaff of the Mauling Rat {drain,
                  | rF+ rC+ rCorr}
 63007 | Elf:3    | Identified the +3 shortbow "Xas Zeso" {drain, rCorr Str+3}
 63011 | Elf:3    | Identified the staff of the Sage {rElec rN+ SInv Necro}
 63034 | Elf:3    | Identified the +5 chain mail of Sealocol {Dex+3}
 63051 | Elf:3    | Identified the +1 plate armour "Ceph" {Str+2}
 63053 | Elf:3    | Identified the orb of the Guild-Master {*channel, rC+}
 63164 | Elf:3    | Noticed Zenata
 63348 | Elf:3    | Found Devutz's Jewellery Shop.
 63467 | Elf:3    | Identified the +3 sling "Worm" {drain, rElec rC++ Str+3}
 63623 | Elf:3    | Killed Zenata
 65259 | Depths:1 | Found a large runed translucent door.
 65259 | Depths:1 | Found a large runed translucent door.
 65263 | Depths:1 | Noticed Jutoxo's ghost (veteran GnWn)
 65271 | Depths:1 | Found Haent's Antique Weapon Shop.
 65364 | Depths:1 | Reached skill level 10 in Stealth
 65374 | Depths:1 | Reached skill level 21 in Fighting
 66145 | D:7      | Bought a scroll of enchant armour for 90 gold pieces
 67003 | D:4      | Bought a scroll of enchant weapon for 82 gold pieces
 67003 | D:4      | Bought 2 scrolls of fog for 88 gold pieces
 67003 | D:4      | Bought a scroll of blinking for 82 gold pieces
 67058 | D:3      | Bought a scroll of enchant weapon for 82 gold pieces
 67334 | Depths:1 | Identified the +6 demon whip of Ambiguity {pain, Dex+3}
 67386 | Depths:1 | Found a gateway to Hell.
 67491 | Depths:1 | Found a blossoming altar of Fedhas.
 67539 | Depths:1 | Found a runed translucent door.
 67633 | Depths:1 | Identified the +0 pair of boots of Lantoa {Will+ Regen+
                  | rCorr Str-2}
 67768 | Depths:1 | Found a one-way gateway to a ziggurat.
 67926 | Depths:2 | Found Ydamin's Book Shop.
 68092 | Depths:2 | Found a magical portal.
 68097 | WizLab   | Entered Doroklohe's Tomb
 68321 | WizLab   | Noticed a dread lich
 68331 | WizLab   | Killed a dread lich
 68340 | WizLab   | Reached skill level 15 in Air Magic
 68757 | Depths:2 | Reached XP level 23. HP: 180/180 MP: 24/26
 68836 | Depths:2 | Identified the +1 buckler of Complete Protection {Harm MP+9
                  | Int+2 SInv}
 69437 | Depths:2 | Found a one-way gate leading to the halls of Pandemonium.
 69768 | D:11     | You paid a toll of a +4 demon trident to enter a treasure
                  | trove
 69769 | Trove    | Entered a treasure trove
 69800 | Trove    | Identified the +4 trident of the Lurker {elec, rPois Will+}
 69825 | Trove    | Identified the amulet "Dossos" {Will+ Regen+ Str+4}
 69827 | Trove    | Identified the amulet of Ryluac {Will+ Regen+}
 70512 | Depths:3 | Noticed the Enchantress
 70544 | Depths:3 | Killed the Enchantress
 70562 | Depths:3 | Noticed a golden dragon
 70747 | Depths:2 | Killed a golden dragon
 70996 | Depths:2 | Reached skill level 15 in Stealth
 71998 | Depths:3 | Noticed Saint Roka
 72044 | Depths:3 | Killed Saint Roka
 72241 | Depths:3 | Found a one-way gate to the infinite horrors of the Abyss.
 72286 | Depths:3 | Identified the +0 plate armour of Gluttony {-Tele Str+8}
 72654 | Depths:3 | Learned a level 1 spell: Apportation
 72660 | Depths:3 | Learned a level 5 spell: Freezing Cloud
 72822 | Depths:4 | Entered Level 4 of the Depths
 72930 | Depths:4 | Noticed Xtahua
 72943 | Depths:4 | Killed Xtahua
 72944 | Depths:4 | Reached XP level 24. HP: 189/189 MP: 26/26
 72988 | Depths:4 | Reached skill level 1 in Conjurations
 72993 | Depths:4 | Reached skill level 1 in Ice Magic
 73268 | Depths:4 | Reached skill level 22 in Fighting
 73282 | Depths:4 | Found a gate to the Realm of Zot.
 73735 | Depths:4 | Found a shimmering altar of Xom.
 73805 | Depths:2 | Found a hide-covered altar of Uskayaw.
 74665 | Vaults:5 | Entered Level 5 of the Vaults
 74865 | Vaults:5 | Identified the ring "Eru Dyra" {rPois rC+ Will- Int+6 SInv}
 75159 | Vaults:5 | Identified the +2 mace of Wu Jian {elec, Contam rF+ Dex+4}
 75160 | Vaults:5 | Identified the ring "Aduik" {rF+ Dex+2}
 75172 | Vaults:5 | Identified the +0 robe "Myshreih" {rPois}
 75175 | Vaults:5 | Noticed a dread lich
 75203 | Vaults:5 | Noticed an ancient lich
 75207 | Vaults:4 | Reached skill level 5 in Conjurations
 75431 | Vaults:5 | Noticed a dread lich
 75445 | Vaults:5 | Killed a dread lich
 75446 | Vaults:5 | Reached skill level 5 in Ice Magic
 75480 | Vaults:5 | Killed an ancient lich
 75613 | Vaults:5 | Reached XP level 25. HP: 197/197 MP: 26/26
 75983 | Vaults:5 | Learned a level 2 spell: Blink
 75987 | Vaults:5 | Found Cijoceh's Distillery.
 75992 | Vaults:5 | Bought a potion of might for 80 gold pieces
 75992 | Vaults:5 | Bought a potion of heal wounds for 100 gold pieces
 75992 | Vaults:5 | Bought a potion of curing for 60 gold pieces
 75992 | Vaults:5 | Bought a potion of might for 80 gold pieces
 75992 | Vaults:5 | Bought a potion of cancellation for 160 gold pieces
 75992 | Vaults:5 | Bought a potion of cancellation for 160 gold pieces
 76233 | Vaults:5 | Got a silver rune of Zot
 76256 | Vaults:5 | Found Runemump's Magic Scroll Boutique.
 76884 | Depths:3 | Upgraded the game from 0.31-a0-963-ga325b2283a to
                  | 0.31-a0-968-g24f9ace8b5
 76885 | Depths:3 | Voluntarily entered the Abyss.
 76948 | Abyss:3  | Found a corrupted altar of Lugonu.
 76987 | Abyss:3  | Reached skill level 1 in Translocations
 77340 | Depths:3 | Escaped the Abyss
 77387 | Depths:3 | Voluntarily entered the Abyss.
 77387 | Abyss:3  | Found a corrupted altar of Lugonu.
 77436 | Abyss:3  | Found a corrupted altar of Lugonu.
 77532 | Abyss:3  | Gained mutation: You sometimes lose your temper in combat.
                  | [a neqoxec]
 77533 | Abyss:3  | Gained mutation: Your spells are a little harder to cast,
                  | but a little more powerful. [a neqoxec]
 77534 | Abyss:3  | Gained mutation: [You are frail. (-10% HP)] [a neqoxec]
 77619 | Abyss:3  | Found the amulet of Vitality {RegenMP++ Regen++}
 77642 | Abyss:3  | Reached skill level 5 in Translocations
 77671 | Abyss:3  | Paralysed by accursed screaming for 2 turns
 77706 | Abyss:3  | Gained mutation: You occasionally lose the ability to read
                  | scrolls when taking damage. [a shining eye]
 77841 | Abyss:3  | Paralysed by accursed screaming for 2 turns
 77843 | Abyss:3  | Paralysed by accursed screaming for 2 turns
 77850 | Abyss:3  | Paralysed by accursed screaming for 2 turns
 77857 | Abyss:3  | Paralysed by accursed screaming for 2 turns
 78061 | Abyss:3  | Reached skill level 23 in Fighting
 78276 | Abyss:3  | Reached XP level 26. HP: 142/184 MP: 18/29
 78284 | Abyss:3  | Learned a level 4 spell: Manifold Assault
 78488 | Depths:3 | Escaped the Abyss
 78579 | Depths:3 | Voluntarily entered the Abyss.
 78759 | Abyss:4  | Paralysed by accursed screaming for 1 turns
 78825 | Abyss:4  | Noticed an ancient lich
 78839 | Abyss:4  | Killed an ancient lich
 78946 | Abyss:4  | Paralysed by accursed screaming for 1 turns
 78949 | Abyss:4  | Noticed a dread lich
 78959 | Abyss:4  | Killed a dread lich
 78983 | Depths:3 | Escaped the Abyss
 79125 | Depths:3 | Voluntarily entered the Abyss.
 79185 | Abyss:4  | Found a corrupted altar of Lugonu.
 79232 | Abyss:4  | Reached skill level 10 in Translocations
 79430 | Depths:3 | Escaped the Abyss
 79590 | Depths:3 | Voluntarily entered the Abyss.
 79646 | Abyss:4  | Found a corrupted altar of Lugonu.
 79740 | Abyss:4  | Gained mutation: Your body often deteriorates upon taking
                  | damage. [a shining eye]
 79741 | Abyss:4  | Gained mutation: [You occasionally shout uncontrollably at
                  | your foes.] [a shining eye]
 79777 | Abyss:4  | Paralysed by accursed screaming for 1 turns
 80004 | Abyss:5  | Gained mutation: Your body often deteriorates upon taking
                  | damage. [a neqoxec]
 80005 | Abyss:5  | Gained mutation: [You are dopey. (Int -2)] [a neqoxec]
 80010 | Abyss:5  | Paralysed by accursed screaming for 1 turns
 80081 | Abyss:5  | Identified the +1 tower shield of Responsibility {rF+ rN+
                  | rCorr}
 80085 | Abyss:5  | Paralysed by accursed screaming for 2 turns
 80088 | Abyss:5  | Paralysed by accursed screaming for 2 turns
 80095 | Abyss:5  | Paralysed by accursed screaming for 2 turns
 80097 | Abyss:5  | Slain by a large abomination

Illustrated notes

Levels and vault maps discovered:
D:1:      matt_arrival_grand_opening, layout_basic, minmay_misc_feat_tower
D:2:      layout_basic, minmay_misc_feat_columns
D:3:      layout_loops_ring, serial_shops, nicolae_shop_tiny_real_fake_doors,
          basic_ecumenical_altar, cheibrodos_sewer_entry_sluice,
          minmay_misc_feat_ornament, uniq_robin, uniq_ijyb, uniq_grinder
D:4:      layout_loops_ring, serial_shops, nicolae_shop_industrial_runoff, shop,
          nicolae_stop_n_shop_2, shop, uniq_pargi
D:5:      corexii_shack_village, layout_basic, serial_shops, shop,
          serial_rivers, chequers_serial_rivers_room_b,
          chequers_serial_rivers_small_b, chequers_serial_rivers_marsh,
          chequers_serial_rivers_small_3, chequers_serial_rivers_micro_e,
          chequers_serial_rivers_micro_e, st_stairs_6,
          nicolae_shop_sticking_my_neck_out
D:6:      layout_loops_ring, minmay_temple_entry_butterflies
D:7:      layout_basic, serial_shops, nicolae_shop_drivethru, uniq_maggie
D:8:      layout_loops_cross, lightli_church_of_beogh
D:9:      layout_basic, nicolae_ru_path_of_blood, mainiacjoe_overflow_alcove_3
D:10:     layout_roguey, erik_orc_3, enter_bailey_5, minivault_16, minivault_23
D:11:     layout_basic, lair_entry_dummy, nicolae_trove_entry_crossroad,
          serial_glass, glass_columns_a, glass_columns_c, glass_columns_c,
          glass_columns_c, glass_columns_a, minmay_holes,
          nicolae_gozag_cash_rules_everything_around_me
D:12:     layout_rooms, portal_ice_cave_entry_pillars_1
D:13:     layout_cave_pods, david_vaults_1
D:14:     layout_roguey
D:15:     hangedman_depths_entry_civil_slaughter, layout_irregular_city,
          gammafunk_ghost_tricky_traps, grunt_decor_cap, dk_noncrumbling_4
Temple:   sentei_temple_godly_chess
Lair:1:   layout_cave_pods, serial_rivers, chequers_serial_rivers_large_b,
          chequers_serial_rivers_micro_c, chequers_serial_rivers_micro_d,
          chequers_serial_rivers_small_a, chequers_serial_rivers_small_3
Lair:2:   nzn_winding_woodlands_stair_cross [nzn_winding_woodlands_5x15_default,
          nzn_winding_woodlands_center_diamonds,
          nzn_winding_woodlands_5x15_concentric,
          nzn_winding_woodlands_hourglass, nzn_winding_woodlands_5x5_default,
          nzn_winding_woodlands_5x15_pathside_ponds,
          nzn_winding_woodlands_center_garden, nzn_winding_woodlands_5x15_pool],
          layout_cave_pods, minmay_swamp_entry_worms,
          nicolae_spider_entry_non_spiders, special_room [special_room_bee],
          ebering_ghost_reflecting_pool, chequers_serial_rivers_micro_d,
          serial_bayou_shore_b
Lair:3:   layout_roguey, infiniplex_staircase_pool_2, uniq_amaemon
Lair:4:   layout_cave_shapes, nicolae_slime_entry_slimehenge
Lair:5:   cheibrodos_lair_end_hotspot, layout_hall_layers
Swamp:1:  layout_falls_marsh, gammafunk_ghost_split, nicolae_swamp_tree_isthmus,
          swamp_pool5, nicolae_swamp_baby_hydras
Swamp:2:  layout_basic_swamp, nicolae_swamp_trees_clearing, swamp_pool1
Swamp:3:  layout_basic_swamp, nicolae_swamp_little_swirl,
          nicolae_swamp_hydra_murder_den
Swamp:4:  swamp_fiery, layout_basic_swamp
Spider:1: layout_spider_delve
Spider:2: layout_spider_delve
Spider:3: layout_spider_delve
Spider:4: johnstein_spider_rune_arachne_lair, uniq_agnes
Slime:1:  layout_caves
Slime:2:  layout_caves, nicolae_slime_ancient_tower_intersection
Slime:3:  layout_caves, nicolae_slime_barrier
Slime:4:  layout_caves, nicolae_slime_phagocytosis
Slime:5:  slime_pit_nicolae_amoeboid
Orc:1:    layout_diamond_mine, basic_altar, kennysheep_orc_chapel
Orc:2:    hellmonk_orc_salted, layout_caves, special_room,
          nicolae_volcano_entry_hallway, mines2_lemuel
Elf:1:    layout_loops_corners, serial_shops, nicolae_shop_tiny_statue_garden,
          hangedman_elf_disciples
Elf:2:    nicolae_elf_blades_crystal_corner, layout_geoelf_grid, serial_shops,
          nicolae_shop_tiny_waterfront, serial_aquarium, aquarium_bridge_square
          [aquarium_subvault_bridge, aquarium_subvault_window,
          aquarium_subvault_bridge, aquarium_subvault_bridge],
          aquarium_bridge_square [aquarium_subvault_bridge,
          aquarium_subvault_wall, aquarium_subvault_window,
          aquarium_subvault_bridge], aquarium_window_3, aquarium_window_fake,
          aquarium_view_2d, aquarium_view_2f, aquarium_pool_2
Elf:3:    grunt_elf_hall_spiral, layout_onion_city, serial_shops,
          nicolae_shop_just_a_little_nook, uniq_zenata
Vaults:1: nicolae_vaults_shipping_containers_7, v_rooms_4,
          vaults_room_stairs_pillars, v_rooms_5, hangedman_vaults_stitches,
          vaults_room_semicircle, nicolae_vaults_frosty_reception,
          vaults_room_grunt_arrival_ludios,
          nicolae_vaults_offset_grid_hallway_1, nicolae_vaults_cornered_office,
          vaults_dpeg_hooks, v_misc_15, v_misc_14, vaults_room_semicircle,
          nicolae_vaults_diagonal_hallway_9, layout_vaults_maze_bifur,
          serial_shops, shop
Vaults:2: nicolae_vaults_diamond_1, nicolae_vaults_surprise_closet,
          nicolae_vaults_two_Ls, nicolae_vaults_storage_closets_2,
          grunt_vaults_twisty, v_misc_26, v_misc_17, nicolae_vaults_prndl,
          v_misc_28, nicolae_vaults_security_offices_3,
          minmay_crypt_entry_necro_gods, ontoclasm_vaults_chip,
          layout_vaults_omnicross
Vaults:3: nicolae_vaults_tetromino_T_2, nicolae_vaults_turnstiles,
          nicolae_vaults_diamond_1, nicolae_vaults_diamond_2,
          nicolae_vaults_security_offices_5, v_alt_pattern_1,
          nicolae_vaults_tangram_2, nicolae_vaults_trapezoid_lopsided_3,
          nicolae_vaults_two_Ls, nicolae_vaults_tangram_2,
          layout_vaults_chaotic_city
Vaults:4: vaults_mumra_lcd, nicolae_vaults_diagonal_hallway_8,
          nicolae_vaults_storage_room_statues, v_alt_pattern_4,
          nicolae_vaults_yaktaur_gun_rack, nicolae_vaults_trapezoid_lopsided_3,
          layout_vaults_omnigrid
Vaults:5
Depths:1: minmay_split_circle, layout_basic, enter_ziggurat_e,
          chequers_serial_rivers_room_b, hellmouth_1, serial_shops,
          nicolae_shop_competitors_out_of_business, ebering_ghost_disaster_area,
          minmay_st_funbox, roadster_trireme
Depths:2: regret_index_uskayaw_diablada_macabre, layout_long_grid, serial_shops,
          nicolae_stop_n_shop_1, rand_demon_pan_entry_4, grunt_metal_band,
          mu_enter_wizlab_2
Depths:3: nooodl_heptagram, layout_cave_pools, hell_entry,
          minmay_misc_feat_pillars, rand_demon_pan_entry_7, abyss_entry,
          uniq_saint_roka, uniq_enchantress
Depths:4: grunt_zot_entry_funnels, layout_basic, hell_entry,
          minmay_misc_feat_room, lemuel_statue_altar, columned_hall_lemuel,
          uniq_xtahua
Abyss:5:  base: Slime:1, hangedman_abyss_exit_choices,
          guppyfry_abyss_exit_glass_guarded, nicolae_abyss_rune_star_stuff

Skill      XL: |  1  2  3  4  5  6  7  8  9 10 11 12 13 14 15 16 17 18 19 20 21 22 23 24 25 26 |
---------------+-------------------------------------------------------------------------------+-----
Dodging        | 1 2 3 4 5 7 8 10 11 12 13 14 15 16 17 18 19 20 21 22 | 22.1
Fighting       | 3 4 5 6 7 9 12 14 15 16 17 18 19 20 21 22 23 | 23.9
Shapeshifting  | 1 2 3 4 6 7 8 9 10 12 13 15 16 | 16.0
Shields        | 1 2 3 4 6 7 10 13 14 15 | 15.0
Polearms       | 9 10 11 12 13 14 | 14.0
Summonings     | 2 5 7 9 10 11 | 11.0
Air Magic      | 2 5 7 9 10 13 15 17 18 | 18.9
Stealth        | 5 12 16 19 20 | 20.0
Conjurations   | 5 6 |  6.1
Ice Magic      | 5 6 |  6.0
Translocations | 7 11 | 11.0
Spellcasting   | 4 |  4.0
Throwing       | |  1.0
Hexes          | |  3.0
Invocations    | |  1.0

Action                     |  1- 3 |  4- 6 |  7- 9 | 10-12 | 13-15 | 16-18 | 19-21 | 22-24 | 25-27 || total
---------------------------+-------+-------+-------+-------+-------+-------+-------+-------+-------++-------
  Melee: Whip              |    20 |       |       |       |       |       |       |       |       ||    20
         Club              |     9 |       |       |       |       |       |       |       |       ||     9
         Constrict         |    22 |    34 |    81 |    90 |   190 |   201 |   160 |   164 |   141 ||  1083
         Tentacles         |    15 |    33 |    95 |   183 |   577 |   600 |   798 |   620 |   459 ||  3380
         Spear             |    72 |   163 |       |   396 |  1844 |   846 |    15 |       |       ||  3336
         Dagger            |       |     8 |   332 |   214 |       |       |       |       |       ||   554
         Punch             |       |     1 |     3 |    14 |    46 |    43 |    51 |    39 |    27 ||   224
         Maw               |       |       |       |       |   436 |       |       |       |       ||   436
         Trident           |       |       |       |       |    51 |  1121 |  2083 |   455 |       ||  3710
         Demon trident     |       |       |       |       |       |       |       |  1307 |  1418 ||  2725
         Unarmed           |       |       |       |       |       |       |       |       |    25 ||    25
  Throw: Dart              |       |       |    17 |    17 |     4 |     1 |       |       |       ||    39
         Throwing net      |       |       |     1 |       |       |       |       |       |       ||     1
   Cast: Summon Lightning  |       |       |       |       |       |       |     9 |     2 |     4 ||    15
         Call Canine Famil |       |       |       |       |       |       |     2 |     1 |       ||     3
         Freezing Cloud    |       |       |       |       |       |       |       |       |    23 ||    23
 Invoke: Potion Petition   |       |       |       |       |     1 |     1 |     6 |     5 |     8 ||    21
         Bribe Branch      |       |       |       |       |       |       |       |     1 |       ||     1
  Evoke: Wand              |       |       |    15 |    29 |    21 |     2 |       |       |       ||    67
         Condenser vane    |       |       |       |       |       |     1 |     1 |       |       ||     2
         Lightning rod     |       |       |       |       |       |       |     2 |       |       ||     2
    Use: Scroll            |       |     1 |     5 |    15 |    11 |     4 |    11 |    17 |       ||    64
         Potion            |       |     4 |     2 |     9 |     6 |     1 |    18 |     8 |     5 ||    53
   Stab: Sleeping          |     8 |    17 |    15 |    13 |    16 |    26 |    21 |    27 |     5 ||   148
         Distracted        |       |       |       |     6 |    20 |    20 |    27 |    24 |    50 ||   147
         Invisible         |       |       |       |       |     6 |       |     1 |       |     2 ||     9
         Confused          |       |       |       |       |       |     6 |       |       |       ||     6
         Paralysed         |       |       |       |       |       |       |       |     4 |     2 ||     6
 Armour: Skin              |    48 |    58 |   166 |   177 |   446 |   961 |   622 |   586 |   388 ||  3452
  Dodge: Dodged            |    63 |    91 |   264 |   287 |   877 |  2504 |  1323 |  1809 |  1448 ||  8666
  Block: Buckler           |       |    15 |    99 |    85 |   392 |  1050 |       |       |       ||  1641
         Kite shield       |       |       |       |       |       |  1476 |  2177 |  2722 |  2062 ||  8437
         Other             |       |       |       |       |       |       |       |       |     2 ||     2
   Form: Maw               |       |       |       |       |     1 |       |       |       |       ||     1
         Statue            |       |       |       |       |     1 |       |       |       |       ||     1

Table legend: (Time is in decaauts)
 A = Elapsed time spent in this place.
 B = Non-inter-level travel time spent in this place.
 C = Inter-level travel time spent in this place.
 D = Time resting spent in this place.
 E = Time spent auto-exploring this place.
 F = Levels seen in this place.
 G = Mean time per level.
                   A        B        C        D        E       F      G
               +--------+--------+--------+--------+--------+-----+--------+
         Total | 100068 |  87806 |  12262 |  15291 |  46615 |  63 | 1588.4 |
       Dungeon |  26127 |  21579 |   4548 |   4580 |  12354 |  15 | 1741.8 |
        Temple |     21 |     16 |      5 |      0 |      0 |   1 |   21.0 |
          Lair |  12078 |   9706 |   2372 |   2508 |   4932 |   5 | 2415.6 |
         Swamp |   6523 |   6106 |    417 |   1154 |   3096 |   4 | 1630.8 |
   Spider Nest |   6577 |   6289 |    288 |    262 |   4157 |   4 | 1644.2 |
    Slime Pits |   6551 |   6220 |    331 |    478 |   3328 |   5 | 1310.2 |
  Orcish Mines |   3294 |   2413 |    881 |    277 |   1424 |   2 | 1647.0 |
   Elven Halls |   5911 |   5297 |    614 |    640 |   3273 |   3 | 1970.3 |
        Vaults |  11951 |  10485 |   1466 |    964 |   6732 |   5 | 2390.2 |
        Depths |  12235 |  10898 |   1337 |   2551 |   5208 |   4 | 3058.8 |
         Abyss |   3654 |   3654 |      0 |    267 |    182 |   9 |  406.0 |
         Trove |    234 |    234 |      0 |      0 |     98 |   1 |  234.0 |
         Sewer |    388 |    388 |      0 |      0 |    255 |   1 |  388.0 |
        Bailey |   1274 |   1274 |      0 |    435 |    557 |   1 | 1274.0 |
      Ice Cave |   1745 |   1745 |      0 |   1032 |    376 |   1 | 1745.0 |
       Volcano |    669 |    669 |      0 |    137 |    187 |   1 |  669.0 |
        Wizlab |    828 |    828 |      0 |      0 |    453 |   1 |  828.0 |
               +--------+--------+--------+--------+--------+-----+--------+

Top non-repeatable levels by time:
Depths:2: 4214 daAuts
Depths:1: 3747 daAuts
  Lair:1: 3645 daAuts
  Lair:2: 3559 daAuts
    D:15: 3109 daAuts
Vaults:2: 2863 daAuts
Depths:3: 2822 daAuts
Vaults:1: 2797 daAuts
  Lair:5: 2670 daAuts
     D:7: 2655 daAuts
Vaults:5: 2446 daAuts
   Elf:2: 2434 daAuts
 Slime:5: 2421 daAuts
Spider:3: 2407 daAuts
     D:9: 2341 daAuts
